AoeStats
← xiskuni

Arena

509895540Analyzed
1v1 RM · 4d ago on Sep 28, 2026· 40m 18s· 2 players
Game mode
Random Map
Map size
Tiny (2 player)
Population
200
Speed
Normal
Resources
Standard
Victory
Conquest
Starting age
Dark Age
Ending age
Imperial Age
RankedLock teamsTeams togetherTeam positionsShared explorationLock speedFull tech treeHidden civsTurbo modeCheats
Victory
Defeat
🇲🇦 Franks · Morocco
792
+16
🇪🇸 Poles · Spain
802
-16
Moroccan Emperor
4:18 Loom
12:31 Feudal Age
15:03 Wheelbarrow
18:32 Castle Age
19:28 Hand Cart
19:46 Double-Bit Axe
21:30 Stone Mining
21:31 Gold Mining
25:07 Gold Shaft Mining
30:16 Imperial Age
27:36 Town Watch
28:58 Bow Saw
29:11 Murder Holes
30:14 Ballistics
29:31 Ordonnance Companies
31:48 Conscription
33:30 Forging
33:20 Scale Mail Armor
34:47 Chemistry
35:00 Cavalier
36:51 Elite Throwing Axeman
39:28 Iron Casting
39:09 Chain Mail Armor
xiskuni
10:31 Feudal Age
16:02 Castle Age
21:16 Double-Bit Axe
24:54 Wheelbarrow
29:45 Imperial Age
30:19 Bloodlines
30:25 Cavalier
31:54 Town Watch
35:15 Loom
38:22 Elite Skirmisher
39:16 Husbandry
39:54 Forging
39:51 Scale Barding Armor
Connection lost

Rejoining the realm…

Still unreachable

The connection could not be restored.

Session expired

The server has moved on; the page needs a fresh start.